 Dungeon Sprint DCSS version 0.22.1-2-g9c5b331 (webtiles) character file.

32 diana the Chopper (level 3, -1/36 HPs)
             Began as a Hill Orc Fighter on Dec 20, 2018.
             Drowned by a water elemental (7 damage)
             ... in the Dungeon (Sprint III: "The Ten Rune Challenge").
             The game lasted 00:02:57 (157 turns).

diana the Chopper (Hill Orc Fighter)                 Turns: 157, Time: 00:02:58

Health: -1/36      AC:  6    Str: 24    XL:     3   Next: 27%
Magic:  3/3        EV:  7    Int:  8    God:
Gold:   22         SH:  9    Dex: 12    Spells: 2/2 levels left

rFire    . . .     SeeInvis +   a - +0 war axe
rCold    . . .     Gourm    .   c - +0 shield
rNeg     . . .     Faith    .   b - +0 scale mail
rPois    .         Spirit   .   (no helmet)
rElec    .         Reflect  .   (no cloak)
rCorr    .         Harm     .   (no gloves)
MR       +....     NoTele   +   (no boots)
Stlth    +.........             (no amulet)
HPRegen  0.52/turn              (no ring)
MPRegen  0.08/turn              (no ring)

@: mighty, engulfed (cannot breathe)
A: camouflage 1, see invisible, agile 1, magic resistance 1, regeneration 1
a: no special abilities


You were in the Dungeon.
You were not hungry.

You visited 1 branch You collected 22 gold pieces.

Inventory:

Hand Weapons
 a - a +0 war axe (weapon)
Armour
 b - a +0 scale mail (worn)
 c - a +0 shield (worn)
Scrolls
 k - a scroll of blinking
 l - 2 scrolls of immolation {unknown}
 m - 4 scrolls of identify
 n - a scroll of enchant weapon {unknown}
 p - a scroll of remove curse {unknown}
Potions
 e - a potion of curing
 g - a potion of heal wounds
 h - a potion of haste
 i - 2 potions of magic
 j - a potion of berserk rage
 o - a potion of flight {unknown}
 q - a potion of mutation
Comestibles
 f - 3 rations


   Skills:
 + Level 5.6 Fighting
 * Level 7.1 Axes
 - Level 3.2 Armour
 - Level 3.2 Shields


You had 2 spell levels left.
You didn't know any spells.
Your spell library was empty.

Dungeon Overview and Level Annotations

Branches:
Dungeon (1/1)

Altars:


Innate Abilities, Weirdness & Mutations

Your skin changes colour to match your surroundings (Stealth+).
You have supernaturally acute eyesight. (SInv)
You are agile. (Dex +2)
You are resistant to hostile enchantments. (MR+)
Your natural rate of healing is unusually fast.


Message History

You have reached level 3!
Your experience leads to an increase in your attributes!
Your base attributes are Str 18, Int 8, Dex 10.
Increase (S)trength, (I)ntelligence, or (D)exterity?
You feel stronger.
You start resting.
HP restored.
You feel very mighty all of a sudden. As you open the door, it creaks loudly!
A water elemental comes into view.
The water elemental moves out of view.
The water elemental hits you!
The water elemental engulfs you in water!
You slice the water elemental!!
The water elemental is severely damaged.
Your lungs strain for air!
The water elemental hits you!
* * * LOW HITPOINT WARNING * * *
You barely miss the water elemental.
The water elemental is severely damaged.
You die...

▓▓▓▓▓▓▓▓▓▓▓▓ ▓▓▓
<.#..'.....♣♣ ♣.#
..#..#......♣ ♣.#
#'####....♣♣♣ ♣.#
.....#....≈♣♣♣♣♣.###+#+#
.....#...≈≈....♣.#......
....)#..≈≈≈≈.♣♣..E.⌠....
####'#..≈≈≈≈≈≈♣♣@#
[...†#.≈≈≈≈≈≈....#
.....#.≈≈≈≈≈.....#
.....#.≈≈≈.......#
'#####...........#
.................#
▓▓▓▓▓▓▓▓▓▓▓▓▓▓▓▓▓▓


You could see a water elemental.

Vanquished Creatures
  A human (D)
  2 oozes (D)
  A phantom (D)
  2 rats (D)
6 creatures vanquished.

Vanquished Creatures (others)
  5 hellions (D)
  3 plants (D)
8 creatures vanquished.

Grand Total: 14 creatures vanquished

Notes
Turn   | Place    | Note
-------+----------+-------------------------------------------
     0 | D        | diana the Hill Orc Fighter began the quest for the Orb.
     0 | D        | Reached XP level 1. HP: 19/19 MP: 1/1
     6 | D        | Reached skill level 4 in Axes
     7 | D        | Reached skill level 5 in Axes
     7 | D        | Reached XP level 2. HP: 27/28 MP: 2/2
    80 | D        | Gained mutation: You have a pair of small horns on your
                  | head. [potion of mutation]
    80 | D        | Gained mutation: You are resistant to hostile enchantments.
                  | (MR+) [potion of mutation]
    80 | D        | Gained mutation: Your movements are slightly less
                  | encumbered by armour. (ER -2) [potion of mutation]
    81 | D        | Lost mutation: You are resistant to hostile enchantments.
                  | (MR+) [potion of mutation]
    81 | D        | Lost mutation: You have a pair of small horns on your head.
                  | [potion of mutation]
    81 | D        | Gained mutation: Your skin changes colour to match your
                  | surroundings (Stealth+). [potion of mutation]
    81 | D        | Gained mutation: You are agile. (Dex +2) [potion of
                  | mutation]
    82 | D        | Lost mutation: You are agile. (Dex +2) [potion of mutation]
    82 | D        | Lost mutation: Your movements are slightly less encumbered
                  | by armour. (ER -2) [potion of mutation]
    82 | D        | Gained mutation: You are partially covered in icy blue
                  | scales. (AC +2) [potion of mutation]
    82 | D        | Gained mutation: You occasionally shout uncontrollably at
                  | your foes. [potion of mutation]
    82 | D        | Gained mutation: You are clumsy. (Dex -2) [potion of
                  | mutation]
    82 | D        | Gained mutation: Your natural rate of healing is unusually
                  | fast. [potion of mutation]
    83 | D        | Lost mutation: You are clumsy. (Dex -2) [potion of
                  | mutation]
    83 | D        | Lost mutation: You occasionally shout uncontrollably at
                  | your foes. [potion of mutation]
    83 | D        | Lost mutation: You are partially covered in icy blue
                  | scales. (AC +2) [potion of mutation]
    83 | D        | Gained mutation: You are agile. (Dex +2) [potion of
                  | mutation]
    83 | D        | Gained mutation: You have supernaturally acute eyesight.
                  | (SInv) [potion of mutation]
    83 | D        | Gained mutation: You are resistant to hostile enchantments.
                  | (MR+) [potion of mutation]
   101 | D        | Killed a hellion
   107 | D        | Killed a hellion
   129 | D        | Reached skill level 5 in Fighting
   129 | D        | Reached skill level 7 in Axes
   129 | D        | Reached XP level 3. HP: 33/36 MP: 3/3
   139 | D        | Killed a hellion
   139 | D        | Killed a hellion
   150 | D        | Killed a hellion
   154 | D        | Noticed a water elemental
   157 | D        | Drowned by a water elemental

Skill      XL: |  1  2 |
---------------+-------+-----
Fighting       | 4 5 |  5.6
Axes           | 5 7 |  7.1
Armour         | |  3.2
Shields        | |  3.2

Action                   || total
-------------------------++-------
Melee: War axe           ||    37
  Use: Potion            ||     6
Armor: Scale mail        ||     5
Dodge: Dodged            ||     4
Block: Shield            ||    17
